 Dungeon Crawl Stone Soup version 0.23.2-1-ga50397a6bc (webtiles) character file.

Game seed: 6492848883884175108

2982 FluffierThanThou the Fighter (level 9, -9/82 HPs)
             Began as a Minotaur Fighter on May 23, 2019.
             Was a Priest of Okawaru.
             Killed from afar by Erica (28 damage)
             ... with an orb of energy
             ... on level 8 of the Dungeon.
             The game lasted 00:12:07 (6174 turns).

FluffierThanThou the Fighter (Minotaur Fighter)     Turns: 6174, Time: 00:12:08

Health: -9/82      AC: 11    Str: 25    XL:     9   Next: 53%
Magic:  8/9        EV: 13    Int:  9    God:    Okawaru [***...]
Gold:   350        SH: 13    Dex:  9    Spells: 8/8 levels left

rFire    . . .     SeeInvis .   x - +7 whip "Dablio" {holy, rPois Int+4}
rCold    + . .     Gourm    .   c - +0 shield
rNeg     . . .     Faith    .   u - +2 ring mail {rC+}
rPois    +         Spirit   .   (helmet restricted)
rElec    .         Reflect  .   w - scarf {cloud immunity}
rCorr    .         Harm     .   (no gloves)
MR       .....                  j - +0 pair of boots (curse)
Stlth    ++........             (no amulet)
HPRegen  0.23/turn              (no ring)
MPRegen  0.11/turn              (no ring)

@: heroism
A: retaliatory headbutt, horns 2
a: Heroism, Renounce Religion


You were on level 8 of the Dungeon.
You worshipped Okawaru.
Okawaru was most pleased with you.
You were not hungry.

You visited 1 branch of the dungeon, and saw 8 of its levels.

You collected 350 gold pieces.

Inventory:

Hand Weapons
 x - the +7 whip "Dablio" (weapon) {holy, rPois Int+4}
   (You found it on level 4 of the Dungeon)

   It has been blessed by the Shining One to cause great damage to the undead
   and demons.
   It affects your intelligence (+4).
   It protects you from poison.
Armour
 c - a +0 shield (worn)
 j - a cursed +0 pair of boots (worn)
   (You found it on level 1 of the Dungeon)
 u - a +2 ring mail of cold resistance (worn)
   (You found it on level 4 of the Dungeon)
 w - a scarf of cloud immunity (worn)
   (You found it on level 4 of the Dungeon)
Wands
 s - a wand of polymorph (10)
   (You found it on level 4 of the Dungeon)
 t - a wand of paralysis (10)
   (You found it on level 4 of the Dungeon)
 A - a wand of iceblast (9)
   (You found it on level 7 of the Dungeon)
Scrolls
 d - 2 scrolls of enchant armour
 f - 3 scrolls of fear {unknown}
 g - 3 scrolls of teleportation {@r4}
 k - 3 scrolls of magic mapping
 n - 3 scrolls of noise {!r}
 o - 2 scrolls of enchant weapon
 v - 3 scrolls of remove curse {@r2}
 B - a scroll of identify {@r1}
Potions
 h - 2 potions of haste {unknown}
 i - a potion of flight {unknown}
 l - a potion of curing {@q1}
 m - a potion of heal wounds {unknown}
 p - a potion of brilliance {unknown}
 q - 2 potions of ambrosia {unknown}
 z - 2 potions of agility {unknown}
Comestibles
 e - 15 rations {!d}


   Skills:
 + Level 8.7(13.7) Fighting
   Level 8.0(13.0) Long Blades
 + Level 8.7(13.7) Armour
 + Level 8.7(13.7) Shields
 * Level 2.1 Invocations


You had 8 spell levels left.
You didn't know any spells.
Your spell library was empty.

Dungeon Overview and Level Annotations

Branches:
Dungeon (8/15)             Temple (0/1) D:6
   Lair: D:8-11

Altars:
Dithmenos
Fedhas
Gozag
Kikubaaqudgha
Makhleb
Nemelex Xobeh
Okawaru
Ru
Sif Muna
Trog
Uskayaw
Yredelemnul
Zin

Shops:
D:6 (

Annotations:
D:2 exclusion: oklob plant
D:8 Erica


Innate Abilities, Weirdness & Mutations

You reflexively headbutt those who attack you in melee.
You have a pair of horns on your head.


Message History

You kill the killer bee!
Okawaru accepts your kill.
Your Invocations skill increases to level 2!
Items here: †††† a killer bee corpse; a hound corpse; a killer bee corpse x2
You start resting.
You start resting.
Some of the chunks of flesh in your inventory have rotted away.
All of the chunks of flesh in your inventory have rotted away.
Things that are here:
6 stones; an iguana skeleton
Things that are here:
a +0 dagger; a +0 leather armour Erica the Fiery-Tempered comes into view.
She is wielding a +0 scimitar of flaming.
Erica shouts!
Erica casts a spell.
Erica flickers and vanishes!
Deactivating autopickup; reactivate with Ctrl-A.
You gain the combat prowess of a mighty hero.
You hear some strange, mumbled words.
An orb of energy appears from out of thin air!
The orb of energy hits you!!
You aren't carrying any pieces of jewellery.
Something hits you. Something burns you.
You miss something. Something hits you. Something burns you.
You closely miss something. You headbutt something. You miss something.
You headbutt something!
You hear some strange, mumbled words.
A bolt of poison appears from out of thin air!
The bolt of poison misses you.
You miss something. Something hits you!
* * * LOW HITPOINT WARNING * * *
Something burns you.
* * * LOW HITPOINT WARNING * * *
You miss something. Something hits you.
* * * LOW HITPOINT WARNING * * *
Something burns you.
* * * LOW HITPOINT WARNING * * *
You whack something! Something hits you but does no damage.
You miss something. You barely miss something.
You hear some strange, mumbled words.
A bolt of poison appears from out of thin air!
The bolt of poison hits you. You resist.
* * * LOW HITPOINT WARNING * * *
You hit something but do no damage. You headbutt something.
You hear some strange, mumbled words.
An orb of energy appears from out of thin air!
The orb of energy hits you!!
You die...

...÷.(........
..##.).....##
#####)...)..# ###.....##
#.......#######
#.##.).....[..#
#.##.....####.#
#.###....####{#######
#..........##@.......
###########.#.##..######
.......# #.......#
######.# ###....)#
######.### #######
##.......# #.###.#.#
#.###.#.# #.##..#.#


There were no monsters in sight!

Vanquished Creatures
  3 hogs (D:7)
  A yak (D:7)
  A human (D:7)
  Duvessa (D:5)
  An ice beast (D:7)
  An ogre (D:7)
  2 phantoms
  A big kobold (D:7)
  Dowan (D:5)
  A bullfrog (D:6)
  A scorpion (D:5)
  6 killer bees (D:8)
  3 crimson imps
  8 hounds
  7 orc wizards
  5 orc priests
  4 bullfrog skeletons
  2 centaur skeletons
  2 iguanas
  5 worker ants
  A howler monkey zombie (D:6)
  4 gnolls (D:6)
  16 adders
  A shadow imp (D:7)
  3 adder zombies
  2 adder skeletons
  2 dart slugs (D:1)
  4 leopard geckos
  18 orcs
  3 ball pythons
  4 giant cockroaches
  4 goblins
  4 hobgoblins
  4 jackals (D:5)
  4 quokkas
  4 bats
  3 frilled lizards
  2 gnoll zombies (D:3)
  7 kobolds
  A leopard gecko skeleton (D:6)
  5 rats (D:1)
152 creatures vanquished.

Notes
Turn   | Place    | Note
-------+----------+-------------------------------------------
     0 | D:1      | FluffierThanThou the Minotaur Fighter began the quest for
                  | the Orb.
     0 | D:1      | Reached XP level 1. HP: 19/19 MP: 0/0
    45 | D:1      | Reached XP level 2. HP: 27/27 MP: 1/1
   668 | D:2      | Noticed a phantom
   671 | D:2      | Reached XP level 3. HP: 33/33 MP: 2/2
   676 | D:2      | Killed a phantom
   676 | D:2      | Reached XP level 4. HP: 41/41 MP: 3/3
  1103 | D:2      | Found a blossoming altar of Fedhas.
  1118 | D:2      | Noticed an oklob plant
  1433 | D:3      | Reached XP level 5. HP: 45/47 MP: 4/4
  1540 | D:3      | Found a basalt altar of Yredelemnul.
  1581 | D:3      | Found a hide-covered altar of Uskayaw.
  1637 | D:3      | Found a deep blue altar of Sif Muna.
  1733 | D:3      | Found a bloodstained altar of Trog.
  2030 | D:4      | Reached skill level 5 in Fighting
  2030 | D:4      | Reached skill level 5 in Armour
  2030 | D:4      | Reached skill level 5 in Shields
  2122 | D:4      | Reached XP level 6. HP: 56/56 MP: 5/5
  2221 | D:4      | Found a sparkling altar of Nemelex Xobeh.
  2221 | D:4      | Found a blossoming altar of Fedhas.
  2254 | D:4      | Found an iron altar of Okawaru.
  2262 | D:4      | Became a worshipper of Warmaster Okawaru
  2483 | D:4      | Found a shadowy altar of Dithmenos.
  2505 | D:4      | Got a brightly glowing whip
  2859 | D:4      | Identified the +7 whip "Dablio" {holy, rPois Int+4} (You
                  | found it on level 4 of the Dungeon)
  2883 | D:5      | Entered Level 5 of the Dungeon
  2992 | D:5      | Reached skill level 5 in Long Blades
  2992 | D:5      | Reached XP level 7. HP: 55/62 MP: 6/6
  3055 | D:5      | Reached * piety under Okawaru
  3159 | D:5      | Noticed Duvessa
  3161 | D:5      | Noticed Dowan
  3167 | D:5      | Killed Duvessa
  3176 | D:5      | Killed Dowan
  3607 | D:6      | Found an iron altar of Okawaru.
  3656 | D:6      | Reached XP level 8. HP: 51/71 MP: 7/7
  3664 | D:6      | Reached ** piety under Okawaru
  3686 | D:6      | Found an ancient bone altar of Kikubaaqudgha.
  4178 | D:6      | Found Gomoekuesih's Weapon Shoppe.
  4266 | D:6      | Found a staircase to the Ecumenical Temple.
  4632 | D:7      | Got a brightly glowing spear
  4820 | D:7      | Found an opulent altar of Gozag.
  4930 | D:7      | Found a sacrificial altar of Ru.
  5061 | D:7      | Found a burning altar of Makhleb.
  5269 | D:7      | Reached XP level 9. HP: 81/81 MP: 5/8
  5294 | D:7      | Reached *** piety under Okawaru
  5664 | D:7      | Found a glowing silver altar of Zin.
  5799 | D:8      | Got an ebony mace
  5804 | D:8      | Identified the +6 mace of Gallantry {crush, +Blink +Inv
                  | MR-} (You found it on level 8 of the Dungeon)
  5805 | D:8      | Identified the +4 spear of Resourcefulness {pain, rPois rF+
                  | Str-5} (You found it on level 7 of the Dungeon)
  5894 | D:8      | Reached skill level 1 in Invocations
  6162 | D:8      | Noticed Erica
  6174 | D:8      | Killed from afar by Erica

Skill      XL: |  1  2  3  4  5  6  7  8  9 |
---------------+----------------------------+-----
Fighting       | 4 5 6 8 |  8.7
Armour         | 4 5 6 7 8 |  8.7
Shields        | 4 5 6 8 |  8.7
Long Blades    | 3 4 5 6 7 8 |  8.0
Invocations    | 2 |  2.1

Action                   |  1- 3 |  4- 6 |  7- 9 || total
-------------------------+-------+-------+-------++-------
Melee: Long sword        |    65 |   115 |       ||   180
       Headbutt          |     6 |    20 |    53 ||    79
       Whip              |       |    28 |   271 ||   299
       Spear             |       |       |     2 ||     2
Invok: Heroism           |       |       |     6 ||     6
  Use: Potion            |     1 |       |     1 ||     2
       Scroll            |       |     6 |       ||     6
  Eat: Chunk             |       |     7 |     7 ||    14
       Ration            |       |       |     1 ||     1
Armor: Scale mail        |    24 |    34 |       ||    58
       Ring mail         |       |    29 |    96 ||   125
Dodge: Dodged            |    18 |    53 |   105 ||   176
Block: Shield            |    34 |    76 |   168 ||   278
       Rpst.: Long sword |     1 |    12 |       ||    13
